 Dungeon Crawl Stone Soup version 0.27.1-33-g824d729ab1 (webtiles) character file.

Game seed: 13580553486005293449

100 Anathary the Firebug (level 4, -1/27 HPs)
             Began as a Demonspawn Fire Elementalist on Nov 28, 2021.
             Was a Follower of Hepliaklqana.
             Slain by an iguana (9 damage)
             ... on level 4 of the Dungeon.
             The game lasted 00:14:48 (5365 turns).

Anathary the Firebug (Demonspawn Fire Elementalist) Turns: 5365, Time: 00:14:49

Health: -1/27      AC:  3    Str:  9    XL:     4   Next: 47%
Magic:  6/8        EV: 11    Int: 17    God:    Hepliaklqana [*.....]
Gold:   127        SH:  0    Dex: 13    Spells: 7/8 levels left

rFire    . . .     SeeInvis .   d - +0 quarterstaff
rCold    . . .     Faith    .   (shield currently unavailable)
rNeg     . . .     Spirit   .   f - +0 leather armour
rPois    .         Reflect  .   (helmet restricted)
rElec    .         Harm     .   (no cloak)
rCorr    .         Rampage  .   (no gloves)
Will     .....                  (no boots)
Stlth    ++........             (no amulet)
HPRegen  0.09/turn              (no ring)
MPRegen  0.11/turn              (no ring)

@: no status effects
A: reduced essence, antennae 1, demonic guardian 1
a: Renounce Religion, Recall Ancestor, Ancestor Identity


You were on level 4 of the Dungeon.
You worshipped Hepliaklqana.
Hepliaklqana was aware of your devotion.
You visited 1 branch of the dungeon, and saw 4 of its levels.

You collected 127 gold pieces.

Inventory:

Hand Weapons
 d - a +0 quarterstaff (weapon)
Armour
 f - a +0 leather armour (worn)
Scrolls
 a - a scroll of fear {unknown}
 b - 5 scrolls of identify {unknown}
 c - a scroll of amnesia {unknown}
 h - a scroll of magic mapping {unknown}
Potions
 e - a potion of attraction {unknown}
 g - a potion of berserk rage {unknown}


   Skills:
 + Level 1.1 Staves
 + Level 1.0 Armour
 + Level 2.0 Dodging
 - Level 2.0 Stealth
 + Level 2.6 Spellcasting
 + Level 1.6 Conjurations
 + Level 3.4 Fire Magic


You had 7 spell levels left.
You knew the following spells:

 Your Spells              Type           Power      Damage    Failure   Level
a - Foxfire               Conj/Fire      44%        2x1d6     9%          1

Your spell library contained the following spells:

 Spells                   Type           Power      Damage    Failure   Level
 Conjure Flame            Conj/Fire      11%        6-21      26%         3
 Inner Flame              Hex/Fire       8%         N/A       36%         3
 Stone Arrow              Conj/Erth      10%        3d7       45%         3
 Call Canine Familiar     Summ           2%         N/A       58%         3
 Portal Projectile        Hex/Tloc       4%         N/A       58%         3
 Sticky Flame             Conj/Fire      11%        2d3       63%         4
 Fireball                 Conj/Fire      5%         3d5       93%         5
 Leda's Liquefaction      Hex/Erth       1%         N/A       94%         4
 Bolt of Magma            Conj/Fire/Erth 4%         4d5       98%         5
 Shatter                  Erth           1%         3d5*      100%        9


Dungeon Overview and Level Annotations

Branches:
Dungeon (4/15)
 Temple: D:4-7

Altars:
Gozag
Hepliaklqana

Annotations:
D:3 5 runed translucent doors, Araneus's ghost, amateur DsFi


Innate Abilities, Weirdness & Mutations

Your life essence is reduced to manifest your ancestor. (-10% HP)
You have a pair of small antennae on your head.
A weak demonic guardian rushes to your aid.


Message History

The giant cockroach bites you but does no damage.
You hit the giant cockroach.
The giant cockroach is almost dead.
The giant cockroach bites you but does no damage.
Rodica closely misses the giant cockroach.
You closely miss the giant cockroach.
The giant cockroach is almost dead.
The giant cockroach bites you but does no damage.
Rodica hits the giant cockroach.
The giant cockroach dies!
You start resting.
Magic restored.
You swap places.
Found a stone staircase leading up.
An iguana comes into view.
Casting: Foxfire (safe; 9% risk of failure)
Confirm with . or Enter, or press ? or * to list all spells.
You conjure some foxfire!
You swap places.
The foxfire hits the iguana.
The iguana is moderately wounded.
The foxfire hits the iguana but does no damage.
The iguana is moderately wounded.
An iguana is nearby!
An iguana is nearby!
Rodica barely misses the iguana.
Rodica hits the iguana but does no damage.
Casting: Foxfire (safe; 9% risk of failure)
Confirm with . or Enter, or press ? or * to list all spells.
You conjure some foxfire!
The iguana bites you!
Rodica barely misses the iguana.
You closely miss the iguana.
The iguana is moderately wounded.
The foxfire hits the iguana.
The iguana is heavily wounded.
The foxfire hits the iguana but does no damage.
The iguana is heavily wounded.
The iguana bites you!
* * * LOW HITPOINT WARNING * * *
Rodica barely misses the iguana.
The iguana bites you!
You die...

..... .. ...
.... .. .... ..#
.##... #.# ....#
. #.## ....# #..
#..###...#
#....###..§.lR.#
.......<..§@..#
....#.........#
. ##..........<.
..........##....
...........#
....#
..............
....
#...#.......##.
...
###...####..#
...


You could see the friendly Rodica the ancestor and an iguana (ally target).

Vanquished Creatures
  A gnoll (D:3)
  An adder (D:3)
  A worm (D:2)
  3 orcs (D:3)
  5 bats
  4 endoplasms
  7 goblins
  5 hobgoblins
  3 quokkas
  2 ball pythons
  5 frilled lizards
  6 kobolds
  4 rats
47 creatures vanquished.

Vanquished Creatures (collateral kills)
  2 gnolls (D:3)
  An adder (D:3)
  A worm (D:3)
  2 orcs (D:3)
  A giant cockroach (D:4)
7 creatures vanquished.

Vanquished Creatures (others)
  103 foxfires
  8 plants (D:1)
111 creatures vanquished.

Grand Total: 165 creatures vanquished

Notes
Turn   | Place    | Note
-------+----------+-------------------------------------------
     0 | D:1      | Anathary the Demonspawn Fire Elementalist began the quest
                  | for the Orb.
     0 | D:1      | Reached XP level 1. HP: 13/13 MP: 3/3
   453 | D:1      | Reached skill level 3 in Fire Magic
   453 | D:1      | Gained mutation: A weak demonic guardian rushes to your
                  | aid. [demonic ancestry]
   453 | D:1      | Reached XP level 2. HP: 19/19 MP: 3/5
   900 | D:1      | Found a faded altar of an unknown god.
  1859 | D:2      | Gained mutation: You have a pair of small antennae on your
                  | head. [demonic ancestry]
  1859 | D:2      | Reached XP level 3. HP: 19/24 MP: 0/6
  3201 | D:2      | Found a hazy altar of Hepliaklqana.
  3209 | D:2      | Became a worshipper of Hepliaklqana the Forgotten
  3237 | D:3      | Found an opulent altar of Gozag.
  3823 | D:3      | Found a large runed translucent door.
  3824 | D:3      | Found a large runed translucent door.
  4217 | D:3      | Reached XP level 4. HP: 30/30 MP: 2/7
  4352 | D:3      | Reached skill level 1 in Staves
  4379 | D:3      | Reached skill level 1 in Armour
  4817 | D:3      | Found a runed translucent gate.
  4817 | D:3      | Found an opulent altar of Gozag.
  4817 | D:3      | Found a runed translucent gate.
  4818 | D:3      | Found a runed translucent gate.
  5020 | D:3      | Reached * piety under Hepliaklqana
  5281 | D:3      | Noticed Araneus's ghost (amateur DsFi)
  5365 | D:4      | Slain by an iguana

Illustrated notes

Levels and vault maps discovered:
D:1:      wander_arrival_estate, layout_basic,
          dilly_ecumenical_altar_fadedgnrine
D:2:      layout_basic, basic_altar, minmay_heptomino_h4
D:3:      layout_loops_corners, jmf_multi_god_temple2, grunt_gozag_statues,
          ebering_ghost_gozag, serial_aquarium, aquarium_bridge_island_small
          [aquarium_subvault_small_open, aquarium_subvault_window,
          aquarium_subvault_wall, aquarium_subvault_window,
          aquarium_subvault_bridge], aquarium_bridge_square
          [aquarium_subvault_bridge, aquarium_subvault_wall,
          aquarium_subvault_window, aquarium_subvault_bridge],
          aquarium_window_corridor_1, aquarium_window_fake, aquarium_view_2a,
          aquarium_pool_S
D:4:      black_bear_nest_1, layout_cave_pools, grunt_decor_fettered,
          serial_bayou_lagoon_b

Skill      XL: |  1  2  3  4 |
---------------+-------------+-----
Fire Magic     | 3 |  3.4
Stealth        | 2 |  2.0
Staves         | 1 |  1.1
Armour         | 1 |  1.0
Dodging        | 2 |  2.0
Spellcasting   | |  2.6
Conjurations   | |  1.6

Action                   |  1- 3 |  4- 6 || total
-------------------------+-------+-------++-------
Melee: Unarmed           |     2 |       ||     2
       Quarterstaff      |    43 |    20 ||    63
 Cast: Foxfire           |    56 |    14 ||    70
Invok: Ancestor Identity |       |     1 ||     1
Armor: Robe              |     2 |       ||     2
       Leather armour    |     7 |     5 ||    12
Dodge: Dodged            |    31 |    11 ||    42
